 Dungeon Crawl Stone Soup version 0.26.1-11-gd32895ea62 (webtiles) character file.

Game seed: 13460498718843391644

29026 bnorton916 the Cleaver (level 13, -1/107 HPs)
             Began as a Formicid Fighter on June 11, 2021.
             Was an Elder of Qazlal.
             Slain by a six-headed hydra (7 damage)
             ... on level 4 of the Lair of Beasts.
             The game lasted 00:36:28 (16248 turns).

bnorton916 the Cleaver (Formicid Fighter)          Turns: 16248, Time: 00:36:28

Health: -1/107     AC: 13    Str: 23    XL:     13   Next: 77%
Magic:  21/21      EV: 10    Int: 10    God:    Qazlal [****..]
Gold:   765        SH: 16    Dex: 11    Spells: 12/12 levels left

rFire    + . .     SeeInvis +   j - +0 trident (flame)
rCold    . . .     Faith    .   c - +0 kite shield
rNeg     . . .     Spirit   .   R - +5 ring mail "Ypeg" {rElec rF+}
rPois    +         Reflect  .   (helmet unavailable)
rElec    +         Harm     .   r - +0 cloak
rCorr    .         Rampage  .   (no gloves)
Will     +....                  (no boots)
Stlth    ..........             i - amulet of regeneration
HPRegen  0.67/turn              C - +4 ring of slaying
MPRegen  0.17/turn              h - ring of poison resistance

@: repel missiles
A: permanent stasis, dig shafts and tunnels, four strong arms, antennae 3
a: Dig, Shaft Self, Renounce Religion, Upheaval, Elemental Force


You were on level 4 of the Lair of Beasts.
You worshipped Qazlal.
Qazlal was greatly pleased with you.
You visited 3 branches of the dungeon, and saw 16 of its levels.

You collected 965 gold pieces.
You spent 200 gold pieces at shops.

Inventory:

Hand Weapons
 j - a +0 trident of flaming (weapon)
 D - a +4 dagger
 E - a +1 flail of venom
 F - a +4 battleaxe
 G - a +5 hand axe
 J - a +2 double sword of holy wrath
Missiles
 k - 4 curare-tipped darts
 o - 2 silver boomerangs
 L - 6 silver javelins (quivered)
Armour
 a - a +1 leather armour of cold resistance
 b - a +1 scale mail of cold resistance
 c - a +0 kite shield (worn)
 g - a +0 tower shield
 r - a +0 cloak (worn)
 H - a +0 troll leather armour
 K - a +3 scale mail of poison resistance
 R - the +5 ring mail "Ypeg" (worn) {rElec rF+}
   (You found it on level 2 of the Lair of Beasts)

   It protects you from fire.
   It insulates you from electricity.
Jewellery
 h - a ring of poison resistance (right hand)
 i - an amulet of regeneration (around neck)
 u - an uncursed ring of positive energy
 x - an uncursed amulet of faith
 y - an uncursed ring of fire
 C - a +4 ring of slaying (left hand)
 I - an uncursed ring of ice
 M - an uncursed ring of flight
Wands
 q - a wand of disintegration (2)
 s - a wand of random effects (27)
 z - a wand of acid (11)
 N - a wand of digging (4)
 P - a wand of polymorph (5)
 T - a wand of paralysis (8)
Scrolls
 l - 4 scrolls of enchant weapon
 v - 2 scrolls of fear
 w - 7 scrolls of remove curse
 B - 3 scrolls of amnesia
 O - 3 scrolls of immolation
 Q - a scroll of magic mapping
Potions
 d - a potion of might
 e - 2 potions of attraction
 f - 8 potions of curing
 m - 3 potions of mutation
 n - 4 potions of resistance
 p - a potion of cancellation
 t - 6 potions of lignification
 A - 3 potions of heal wounds
 U - a potion of ambrosia


   Skills:
 + Level 11.9 Fighting
 + Level 14.0 Axes
 - Level 10.0 Armour
 - Level 9.0 Shields
 - Level 11.4 Invocations


You had 12 spell levels left.
You didn't know any spells.
Your spell library contained the following spells:

 Spells                   Type           Power        Failure   Level
 Animate Skeleton         Necr           0%           50%         1
 Magic Dart               Conj           0%           50%         1
 Pain                     Necr           0%           50%         1
 Sting                    Tmut/Pois      0%           50%         1
 Searing Ray              Conj           0%           63%         2
 Wereblood                Tmut           0%           63%         2
 Dazzling Flash           Conj/Hex       0%           86%         3
 Inner Flame              Hex/Fire       0%           86%         3
 Vampiric Draining        Necr           0%           86%         3
 Animate Dead             Necr           0%           99%         4
 Fulminant Prism          Conj/Hex       0%           99%         4
 Iskenderun's Mystic Bla  Conj/Tloc      0%           99%         4
 Petrify                  Tmut/Erth      0%           99%         4
 Agony                    Necr           0%           100%        5
 Fireball                 Conj/Fire      0%           100%        5
 Irradiate                Conj/Tmut      0%           100%        5


Dungeon Overview and Level Annotations

Branches:
Dungeon (10/15)            Temple (1/1) D:6            Lair (5/6) D:8
 Shoals (0/4) Lair:3        Snake (0/4) Lair:2          Orc (0/2) D:10
  Slime: Lair:5-6

Altars:
Ashenzari
Cheibriados
Dithmenos
Elyvilon
Fedhas
Gozag
Hepliaklqana
Kikubaaqudgha
Makhleb
Nemelex Xobeh
Okawaru
Qazlal
Ru
Sif Muna
Trog
Uskayaw
Vehumet
Wu Jian
Xom
Yredelemnul
Zin
The Shining One

Shops:
D:6 =   D:7 *

Annotations:
D:8 1 exclusion


Innate Abilities, Weirdness & Mutations

You cannot be hasted, slowed, berserked, paralysed or teleported.
You can dig through walls and to a lower floor.
Your four strong arms can wield two-handed weapons with a shield.
You have a pair of large antennae on your head. (SInv)


Message History

* * * LOW HITPOINT WARNING * * *
The six-headed hydra closely misses you.
The six-headed hydra bites you but does no damage.
The six-headed hydra bites you.
* * * LOW HITPOINT WARNING * * *
You feel much better. The six-headed hydra bites you!
* * * LOW HITPOINT WARNING * * *
The six-headed hydra bites you but does no damage. x2
The six-headed hydra bites you!
* * * LOW HITPOINT WARNING * * *
You block the six-headed hydra's attack. x2
You barely miss the six-headed hydra.
The six-headed hydra is severely wounded.
The six-headed hydra bites you.
* * * LOW HITPOINT WARNING * * *
You block the six-headed hydra's attack. x2
The six-headed hydra closely misses you.
The six-headed hydra completely misses you.
The six-headed hydra bites you!
You die...

#.........................
##.........................
#................>.........
#..P#.#..###.P.............
##..#..#+##.#....#.P####.#.
##..........##...######..#.
#P.##.....☼.......###P#.##.
#P.#....°D..#..............
##......°°@°.....###.....P.
#.#.......÷☼#...# #...###.
##..#.....○§##...# ##..###.
##..###.PP.#.##...####...##.
#.#....#....#.....##.##..#..
###.........................
###..##.##.##.#.#.#P.#.##.
#####################.## ###


You could see a six-headed hydra.

Vanquished Creatures
  Gastronok (D:8)
  Erolcha (D:9)
  2 hydras
  Fannar (Lair:1)
  Harold (D:8)
  5 death yaks
  Urug (Lair:2)
  11 elephants
  A black mamba (Lair:3)
  6 cane toads
  Maggie (Lair:2)
  3 komodo dragons
  2 trolls
  5 blink frogs
  A wyvern (Lair:4)
  31 yaks
  A basilisk (Lair:4)
  10 water moccasins
  3 sky beasts
  An ice beast (D:6)
  An orc warrior (D:9)
  4 ogres
  3 phantoms
  3 wolves (Lair:2)
  6 centaurs
  2 big kobolds
  7 bullfrogs
  A wyvern zombie (D:7)
  7 scorpions
  10 killer bees
  3 wights (D:6)
  An electric eel (D:10)
  6 howler monkeys
  4 quasits
  13 orc wizards
  3 centaur skeletons
  5 hounds
  2 jellies
  An orc priest (D:4)
  2 bullfrog skeletons
  3 iguanas
  8 worker ants
  4 hell rats
  14 adders
  8 gnolls
  4 white imps
  3 ufetubi
  2 oozes (D:3)
  An adder zombie (D:9)
  An adder skeleton (D:6)
  2 worms (D:2)
  A dart slug (D:2)
  3 leopard geckos
  46 orcs
  6 giant cockroaches
  10 goblins
  9 hobgoblins
  5 jackals
  15 kobolds
  4 quokkas
  A ball python (D:3)
  8 bats
  4 frilled lizards
  2 leopard gecko zombies
  2 quokka skeletons
  7 rats
345 creatures vanquished.

Vanquished Creatures (others)
  A goblin (D:3)
  2 rats (D:3)
  A bush (Lair:4)
  15 fungi
  46 plants
65 creatures vanquished.

Grand Total: 410 creatures vanquished

Notes
Turn   | Place    | Note
-------+----------+-------------------------------------------
     0 | D:1      | bnorton916 the Formicid Fighter began the quest for the
                  | Orb.
     0 | D:1      | Reached XP level 1. HP: 18/18 MP: 1/1
   103 | D:1      | Reached XP level 2. HP: 24/24 MP: 2/2
   290 | D:1      | Reached XP level 3. HP: 29/29 MP: 3/3
   930 | D:2      | Reached XP level 4. HP: 37/37 MP: 4/4
  1336 | D:2      | Reached XP level 5. HP: 38/42 MP: 5/5
  1390 | D:3      | Reached skill level 3 in Axes
  1890 | D:2      | Reached XP level 6. HP: 42/49 MP: 6/6
  1941 | D:3      | Reached skill level 5 in Shields
  2864 | D:4      | Noticed an ogre
  2887 | D:3      | Reached XP level 7. HP: 31/55 MP: 7/7
  3177 | D:3      | Reached skill level 5 in Fighting
  3177 | D:3      | Reached skill level 5 in Armour
  3389 | D:4      | Reached skill level 4 in Axes
  3782 | D:3      | You fall into a shaft and drop 3 floors!
  3787 | D:5      | Entered Level 5 of the Dungeon
  4138 | D:5      | Reached XP level 8. HP: 53/63 MP: 8/8
  4417 | D:5      | Found a basalt altar of Yredelemnul.
  4525 | D:6      | You fall into a shaft and drop 2 floors!
  5028 | D:8      | Reached skill level 5 in Axes
  5087 | D:8      | Found a staircase to the Lair.
  5280 | D:8      | Noticed Gastronok
  5435 | D:7      | Reached skill level 8 in Axes
  5435 | D:7      | Reached XP level 9. HP: 78/78 MP: 9/9
  5619 | D:7      | Reached XP level 10. HP: 56/85 MP: 10/10
  6068 | D:7      | Found Uqot's General Store.
  6089 | D:7      | Bought a potion of might for 40 gold pieces
  6089 | D:7      | Bought a +1 scale mail of cold resistance for 160 gold
                  | pieces
  6285 | D:6      | Reached skill level 10 in Fighting
  6285 | D:6      | Reached skill level 10 in Armour
  6321 | D:6      | Found a staircase to the Ecumenical Temple.
  6328 | Temple   | Entered the Ecumenical Temple
  6547 | Temple   | Became a worshipper of Qazlal Stormbringer
  6672 | D:5      | Reached skill level 9 in Axes
  6708 | D:5      | Found a sparkling altar of Nemelex Xobeh.
  6709 | D:5      | Found an ancient bone altar of Kikubaaqudgha.
  7332 | D:6      | Found Tocs's Jewellery Boutique.
  8161 | D:8      | Noticed Harold
  8440 | Lair:1   | Entered Level 1 of the Lair of Beasts
  8796 | D:9      | Found a bloodstained altar of Trog.
  8886 | D:9      | Identified the Almanac of Fire and Transmutation
  8927 | D:9      | Reached * piety under Qazlal
  9094 | D:9      | Noticed Erolcha
  9130 | D:9      | Killed Erolcha
  9131 | D:9      | Reached XP level 11. HP: 92/92 MP: 10/12
  9223 | D:9      | Found a shadowy altar of Dithmenos.
  9223 | D:9      | Found an opulent altar of Gozag.
  9818 | D:10     | Entered Level 10 of the Dungeon
  9995 | D:10     | Reached skill level 10 in Axes
 10247 | D:10     | Found a staircase to the Orcish Mines.
 10332 | D:10     | Reached ** piety under Qazlal
 10355 | D:10     | Reached skill level 5 in Invocations
 10503 | D:10     | Noticed a seven-headed hydra
 10811 | D:8      | Killed Harold
 10926 | D:8      | Killed Gastronok
 10927 | D:8      | Reached skill level 11 in Axes
 11343 | Lair:1   | Reached XP level 12. HP: 29/98 MP: 17/17
 11543 | Lair:1   | Noticed a five-headed hydra
 11562 | Lair:1   | Killed a five-headed hydra
 11898 | Lair:1   | Got a smoking rapier
 11899 | Lair:1   | Identified the +12 rapier of the Orcish Mines {drain,
                  | *Drain Fragile Str+10} (You found it on level 1 of the Lair
                  | of Beasts)
 11914 | Lair:1   | Noticed Fannar
 11931 | Lair:1   | Killed Fannar
 11932 | Lair:1   | Reached skill level 12 in Axes
 12095 | Lair:1   | You fall into a shaft and drop 1 floor!
 12095 | Lair:2   | Noticed Urug
 12110 | Lair:2   | Killed Urug
 12456 | Lair:2   | Reached skill level 10 in Invocations
 12485 | Lair:2   | Reached *** piety under Qazlal
 12492 | Lair:2   | Found a staircase to the Snake Pit.
 12991 | Lair:2   | Noticed Maggie
 13014 | Lair:2   | Killed Maggie
 13424 | Lair:2   | Got an encrusted ring mail
 13435 | Lair:2   | Identified the +5 ring mail "Ypeg" {rElec rF+} (You found
                  | it on level 2 of the Lair of Beasts)
 13632 | Lair:3   | Reached XP level 13. HP: 65/104 MP: 21/21
 13874 | Lair:3   | Found a staircase to the Shoals.
 14491 | Lair:3   | Reached skill level 13 in Axes
 15427 | Lair:4   | Reached **** piety under Qazlal
 15962 | Lair:5   | Noticed a six-headed hydra
 15966 | Lair:5   | Noticed a four-headed hydra
 16169 | Lair:5   | Killed a four-headed hydra
 16170 | Lair:5   | Reached skill level 14 in Axes
 16248 | Lair:4   | Slain by a six-headed hydra

Illustrated notes

Levels and vault maps discovered:
D:1:      dpeg_arrival_three_same_balls, layout_loops_ring
D:2:      layout_rooms
D:3:      layout_rooms, lemuel_old_faithful
D:4:      layout_rooms, minmay_circle_x
D:5:      layout_loops_ring, general_overflow_altar, minitemple,
          grunt_ministairs_1
D:6:      layout_rooms, temple_statues, serial_shops, kennysheep_mini_moat
D:7:      layout_loops_cross, serial_shops, shop
D:8:      layout_rooms, dpeg_oklobed_lair, nicolae_underground_beach,
          uniq_gastronok, uniq_harold
D:9:      layout_cave_pods, nicolae_overflow_hidden_temple, uniq_erolcha
D:10:     lemuel_troll_bridge, layout_loops_ring, minmay_checkerbox
Temple:   eino_temple_scatter_basement
Lair:1:   layout_roguey, uniq_fannar
Lair:2:   layout_cellular_growth, minmay_snake_entry_six_corridors,
          lemuel_fruit_tree, uniq_maggie, uniq_urug
Lair:3:   layout_small_grid, minmay_shoals_entry_centaurs,
          chequers_serial_rivers_large_a
Lair:4:   layout_regular_city, grunt_megastairs_3
Lair:5:   layout_gridlike, grunt_megastairs_1, lemuel_fruit_fields

Skill      XL: |  1  2  3  4  5  6  7  8  9 10 11 12 13 |
---------------+----------------------------------------+-----
Shields        | 4 5 6 7 9 |  9.0
Fighting       | 4 5 9 10 11 | 11.9
Armour         | 4 5 9 10 | 10.0
Axes           | 3 4 8 9 11 12 14 | 14.0
Invocations    | 2 7 10 11 | 11.4

Action                   |  1- 3 |  4- 6 |  7- 9 | 10-12 | 13-15 || total
-------------------------+-------+-------+-------+-------+-------++-------
Melee: War axe           |   101 |   194 |   341 |   156 |       ||   792
       Hand axe          |       |       |       |   295 |       ||   295
       Battleaxe         |       |       |       |   224 |   143 ||   367
       Trident           |       |       |       |     8 |    14 ||    22
 Abil: Dig               |       |     5 |    11 |    15 |     5 ||    36
       Shaft Self        |       |       |     2 |       |       ||     2
  Use: Scroll            |       |       |     4 |    16 |     2 ||    22
       Potion            |       |       |     1 |     6 |     1 ||     8
Armor: Scale mail        |    44 |    61 |   150 |   157 |       ||   412
       Skin              |       |       |       |     1 |       ||     1
       Ring mail         |       |       |       |     3 |    54 ||    57
Dodge: Dodged            |    39 |    87 |   120 |   195 |    41 ||   482
Block: Kite shield       |    65 |   125 |   211 |   372 |   135 ||   908
